 Dungeon Crawl Stone Soup version 0.21.0-24-g2553a33 (webtiles) character file.

162 Mgcat the Skirmisher (level 5, -1/42 HPs)
             Began as a Demonspawn Fighter on Jan 19, 2018.
             Slain by a worker ant (3 damage)
             ... on level 3 of the Dungeon.
             The game lasted 00:06:17 (3120 turns).

Mgcat the Skirmisher (Demonspawn Fighter)           Turns: 3120, Time: 00:06:18

Health: -1/42      AC:  6    Str: 22    XL:     5   Next: 19%
Magic:  5/5        EV:  7    Int:  9    God:
Gold:   186        SH:  9    Dex: 13    Spells: 4/4 levels left

rFire    . . .     SeeInvis .   a - +0 war axe
rCold    . . .     Gourm    .   c - +0 shield
rNeg     . . .     Faith    .   b - +0 scale mail
rPois    .         Spirit   .   (helmet restricted)
rElec    .         Reflect  .   (no cloak)
rCorr    .         Harm     .   (no gloves)
MR       .....                  (no boots)
Stlth    ..........             (no amulet)
HPRegen  0.14/turn              (no ring)
MPRegen  0.09/turn              (no ring)

@: mighty, lethally poisoned (-1 -> -4)
A: antennae 1, demonic guardian 1, rot immunity
a: no special abilities


You were on level 3 of the Dungeon.
You were not hungry.

You visited 1 branch of the dungeon, and saw 3 of its levels.

You collected 186 gold pieces.

Inventory:

Hand Weapons
 a - a +0 war axe (weapon)
Armour
 b - a +0 scale mail (worn)
 c - a +0 shield (worn)
Jewellery
 p - a +3 ring of dexterity {unknown}
 s - an uncursed ring of magical power {unknown}
Scrolls
 e - a scroll of fog {unknown}
 g - a scroll of blinking {unknown}
 j - 4 scrolls of remove curse {unknown}
 k - a scroll of magic mapping {unknown}
 m - a scroll of immolation {unknown}
 n - 4 scrolls of identify {unknown}
 o - a scroll of fear {unknown}
 q - a scroll of enchant weapon {unknown}
Potions
 d - a potion of might
 h - a potion of haste {unknown}
 i - 2 potions of flight {unknown}
 l - a potion of degeneration {unknown}
 r - a potion of curing {unknown}
 t - a potion of brilliance {unknown}
Comestibles
 f - 7 rations
 u - 8 chunks of flesh


   Skills:
 + Level 4.0 Fighting
 + Level 3.0 Axes
 - Level 3.2 Armour
 + Level 3.6 Shields


You had 4 spell levels left.
You didn't know any spells.

Dungeon Overview and Level Annotations

Branches:
Dungeon (3/15)

Altars:
Okawaru
Qazlal
Sif Muna


Innate Abilities, Weirdness & Mutations

You have a pair of small antennae on your head.
A weak demonic guardian rushes to your aid.
You are immune to rotting.


Message History

You feel sick.
You feel sick. The worker ant bites you.
* * * LOW HITPOINT WARNING * * *
* * * LOW HITPOINT WARNING * * *
You feel sick.
* * * LOW HITPOINT WARNING * * *
You feel sick.
Okay, then.
You feel very mighty all of a sudden.
* * * LOW HITPOINT WARNING * * *
You feel sick.
The worker ant bites you but does no damage.
Unknown command.
Unknown command.
Unknown command.
Your shield and scale mail prevent you from hitting the worker ant.
The worker ant is lightly wounded.
The worker ant bites you.
You die...

#....#..8# ####......_.+
#.......#..8#
#.......##..#
#........#### ####
#..........####..#
#....5...........#
#....a.....#####.#
#....@..........(#
#.........^#######
#..........#
######.###########
#..............#
########..............#
##......#..............#
.......................#
#......#.)............#


You could see a worker ant and a friendly shadow imp.

Vanquished Creatures
  5 gnolls
  3 adders (D:2)
  2 oozes
  A worm (D:2)
  2 leopard geckos
  2 ball pythons (D:2)
  5 bats
  2 giant cockroaches
  5 goblins
  8 hobgoblins
  4 jackals (D:1)
  2 kobolds
  2 quokkas (D:2)
  A frilled lizard (D:2)
  7 rats
51 creatures vanquished.

Vanquished Creatures (collateral kills)
  An iguana (D:2)
  2 gnolls (D:2)
  A quokka (D:2)
4 creatures vanquished.

Grand Total: 55 creatures vanquished

Notes
Turn   | Place    | Note
-------+----------+-------------------------------------------
     0 | D:1      | Mgcat the Demonspawn Fighter began the quest for the Orb.
     0 | D:1      | Reached XP level 1. HP: 18/18 MP: 1/1
   204 | D:1      | Gained mutation: A weak demonic guardian rushes to your aid. [demonic ancestry]
   204 | D:1      | Reached XP level 2. HP: 9/24 MP: 2/2
  1002 | D:2      | Gained mutation: You are immune to rotting. [demonic ancestry]
  1002 | D:2      | Reached XP level 3. HP: 28/29 MP: 3/3
  1303 | D:2      | Gained mutation: You have a pair of small antennae on your head. [demonic ancestry]
  1303 | D:2      | Reached XP level 4. HP: 31/35 MP: 4/4
  1414 | D:2      | Found a faded altar of an unknown god.
  1821 | D:2      | Found a stormy altar of Qazlal.
  2897 | D:3      | Reached XP level 5. HP: 38/42 MP: 5/5
  2932 | D:3      | Found an iron altar of Okawaru.
  2938 | D:3      | Reached skill level 4 in Fighting
  3093 | D:3      | Found a deep blue altar of Sif Muna.
  3119 | D:3      | HP: 2/42 [poisoned by a worker ant]
  3120 | D:3      | Slain by a worker ant

Skill      XL: |  1  2  3  4  5 |
---------------+----------------+-----
Axes           | 2 3 |  3.0
Shields        | 3 |  3.6
Armour         | 3 |  3.2
Fighting       | 4 |  4.0

Action                   |  1- 3 |  4- 6 || total
-------------------------+-------+-------++-------
Melee: War axe           |    88 |   127 ||   215
  Use: Potion            |       |     1 ||     1
  Eat: Chunk             |     1 |     6 ||     7
Armor: Scale mail        |    57 |    36 ||    93
Dodge: Dodged            |    26 |    36 ||    62
Block: Shield            |    43 |    56 ||    99
